 Dungeon Crawl Stone Soup version 0.28-a0-563-gf77a47075d (webtiles) character file.

Game seed: 9511840213048379535

20905 Zenkrye the Destroyer (level 12, -3/76 HPs)
             Began as a Tengu Conjurer on Sept 30, 2021.
             Was a High Priest of Sif Muna.
             Slain by a six-headed hydra (13 damage)
             ... on level 2 of the Lair of Beasts.
             The game lasted 01:03:34 (16348 turns).

Zenkrye the Destroyer (Tengu Conjurer)             Turns: 16348, Time: 01:03:34

Health: -3/76      AC:  9    Str:  4    XL:     12   Next: 84%
Magic:  10/25      EV: 18    Int: 25    God:    Sif Muna [*****.]
Gold:   620        SH:  0    Dex: 15    Spells: 18/28 levels left

rFire   + . .      SeeInvis .   w - +8 whip "Yriwne" {pain, rPois rN+ Str-3 Dex+3}
rCold   . . .      Faith    .   (no shield)
rNeg    + . .      Spirit   .   A - +0 troll leather armour
rPois   +          Reflect  .   (helmet restricted)
rElec   .          Harm     .   C - +0 cloak
rCorr   .          Rampage  .   (no gloves)
Will    .....                   (boots unavailable)
Stlth   ++........              (no amulet)
HPRegen 1.22/turn               f - ring of protection from fire
MPRegen 0.19/turn               p - +4 ring of protection

@: flying quickly and evasively, very slightly contaminated, quick
A: beak, talons 3, nimble flight
a: Renounce Religion, Channel Magic, Forget Spell, Divine Exegesis


You were on level 2 of the Lair of Beasts.
You worshipped Sif Muna.
Sif Muna was extremely pleased with you.
You visited 3 branches of the dungeon, and saw 14 of its levels.

You collected 686 gold pieces.
You spent 66 gold pieces at shops.

Inventory:

Hand Weapons
 h - a +4 morningstar
 w - the +8 whip "Yriwne" (weapon) {pain, rPois rN+ Str-3 Dex+3}
   (You found it on level 5 of the Dungeon)

   In the hands of one skilled in necromantic magic, it inflicts extra damage on
   living creatures.
   Str:       It affects your strength (-3).
   Dex:       It affects your dexterity (+3).
   rPois:     It protects you from poison.
   rN:        It protects you from negative energy.
 I - a +2 hand crossbow of flaming
 R - a +0 fustibalus
Missiles
 g - 447 stones
 l - 8 boomerangs
 x - 3 silver javelins
 y - 9 curare-tipped darts (quivered)
 J - 74 bolts
 O - 32 sling bullets
 S - a throwing net {!f}
Armour
 A - a +0 troll leather armour (worn)
 C - a +0 cloak (worn)
 L - a +2 robe of resistance
 N - a +0 kite shield
Magical Staves
 Q - a staff of poison
Jewellery
 f - a ring of protection from fire (left hand)
 n - a ring of positive energy
 p - a +4 ring of protection (right hand)
 r - a ring of resist corrosion
Wands
 c - a wand of flame (93)
 d - a wand of charming (8)
 m - a wand of polymorph (13)
 z - a wand of iceblast (20) {@v4}
 E - a wand of paralysis (9)
Scrolls
 a - 5 scrolls of teleportation {@r3}
 b - a scroll of summoning
 i - a scroll of identify {@r1}
 t - a scroll of enchant weapon
 v - 2 scrolls of blinking {@r4}
 F - a scroll of magic mapping
 H - a scroll of amnesia
 K - 2 scrolls of immolation
 M - 2 scrolls of enchant armour
Potions
 e - 7 potions of heal wounds {@q2}
 j - a potion of cancellation
 k - 7 potions of curing {@q1}
 o - a potion of mutation {unknown}
 q - a potion of degeneration {unknown}
 s - 2 potions of invisibility
 u - 2 potions of lignification
 B - a potion of haste {@q3}
 D - 2 potions of brilliance
 G - 2 potions of might {unknown}
 P - a potion of ambrosia {unknown}


   Skills:
 + Level 9.1 Fighting
 + Level 10.2 Dodging
 - Level 2.0 Stealth
 + Level 2.0 Shields
 + Level 8.8 Spellcasting
 + Level 13.0 Conjurations
 - Level 3.0 Hexes
 - Level 3.0 Necromancy
 - Level 3.0 Translocations
 + Level 6.7 Invocations
 - Level 3.0 Evocations


You had 18 spell levels left.
You knew the following spells:

 Your Spells              Type           Power      Damage    Failure   Level
b - Searing Ray           Conj           100%       2d8       1%          2
c - Fulminant Prism       Conj/Hex       25%        3d14      3%          4
q - Iskenderun's Mystic   Conj/Tloc      50%        2d11      3%          4

Your spell library contained the following spells:

 Spells                   Type           Power      Damage    Failure   Level
 Magic Dart               Conj           100%       1d8       1%          1
 Dazzling Flash           Conj/Hex       100%       N/A       1%          3
 Mephitic Cloud           Conj/Pois/Air  32%        N/A       4%          3
 Gell's Gravitas          Tloc           13%        N/A       9%          3
 Lesser Beckoning         Tloc           26%        N/A       9%          3
 Teleport Other           Tloc           26%        N/A       9%          3
 Call Imp                 Summ           11%        N/A       16%         2
 Freezing Cloud           Conj/Ice/Air   16%        6-21      43%         5
 Lee's Rapid Deconstruct  Erth           5%         3d7*      95%         5
 Dispersal                Tloc           13%        N/A       99%         6
 Simulacrum               Ice/Necr       9%         N/A       100%        6
 Polar Vortex             Ice            5%         N/A       100%        9


Dungeon Overview and Level Annotations

Branches:
Dungeon (11/15)            Temple (1/1) D:5            Lair (2/6) D:9
    Orc (0/2) D:9
  Swamp: Lair:2-4    Shoals: Lair:2-4     Snake: Lair:2-4    Spider: Lair:2-4

Altars:
Ashenzari
Cheibriados
Dithmenos
Elyvilon
Fedhas
Gozag
Hepliaklqana
Kikubaaqudgha
Makhleb
Nemelex Xobeh
Okawaru
Qazlal
Ru
Sif Muna
Trog
Uskayaw
Vehumet
Wu Jian
Xom
Yredelemnul
Zin
The Shining One

Shops:
D:2 !   D:7 (   D:11 *

Annotations:
D:3 2 transporters, mdk's ghost, weakling OgHu
D:8 3 runed translucent doors, Cancer's ghost, novice TeCj
D:9 2 runed translucent doors
Lair:2 1 transporter, Anuemis's ghost, journeyman GrGl


Innate Abilities, Weirdness & Mutations

You have a beak for a mouth.
You have claws for feet.
Your magical nature lets you fly swiftly and evasively.


Message History

Confirm with . or Enter, or press ? or * to list all spells.
Aiming: Fulminant Prism (dangerous; 3% risk of failure)
Press: ? - help, Dir - move target, p - six-headed hydra You conjure a prism of explosive energy!
A fulminant prism comes into view.
You shoot a sling bullet.
The sling bullet hits the six-headed hydra but does no damage.
The six-headed hydra is moderately wounded.
Your fulminant prism crackles loudly.
Your fulminant prism explodes!
The blast of energy engulfs the six-headed hydra!!
The six-headed hydra is severely wounded.
The six-headed hydra misses you. The six-headed hydra bites you!
The six-headed hydra closely misses you.
The six-headed hydra bites you! The six-headed hydra bites you.
The six-headed hydra bites you!
You hear an angry hiss.
You feel weaker.
You feel agile.
Pain shudders through your feathered arm!
w - the +8 whip "Yriwne" (weapon)
{pain, rPois rN+ Str-3 Dex+3}
Casting: Fulminant Prism (dangerous; 3% risk of failure)
Confirm with . or Enter, or press ? or * to list all spells.
You miscast Iskenderun's Mystic Blast.
You are very lightly contaminated with residual magic.
Nothing appears to happen.
The six-headed hydra bites you but does no damage.
The six-headed hydra barely misses you. The six-headed hydra bites you.
The six-headed hydra bites you but does no damage.
The six-headed hydra bites you! x2
* * * LOW HITPOINT WARNING * * *
Casting: Iskenderun's Mystic Blast (dangerous; 3% risk of failure)
Confirm with . or Enter, or press ? or * to list all spells.
You erupt in a blast of force!
The mystic blast hits the six-headed hydra!!
The six-headed hydra is almost dead.
The six-headed hydra bites you!
* * * LOW HITPOINT WARNING * * *
The six-headed hydra bites you!
You die...

##.P...........##.
#.+.....<.......#
###...^.......### #
##P..####.+## # .#.#+##
##### #..# ....... ..##
....... ### ### ..#
.......####.###.##.## #
.....>.D@......##...#..#
.......##.##............
....... ########..#.P#.
....... ###...# .......
#...### ......( #..##
....#(# ##.## ..#..#
#.?# ##.##


You could see a six-headed hydra.

Vanquished Creatures
  2 hydras (Lair:1)
  Erica (D:8)
  A two-headed ogre (D:8)
  A cyclops (D:6)
  A black mamba (Lair:1)
  8 centaur zombies
  A gargoyle (D:10)
  4 cane toads
  Psyche (D:8)
  2 komodo dragons (Lair:1)
  A troll (D:7)
  A polar bear (Lair:1)
  4 blink frogs (Lair:1)
  2 wraiths
  3 steam dragons
  Grum (D:10)
  A basilisk (Lair:1)
  23 yaks
  3 wargs (D:9)
  4 vampire mosquitoes (D:10)
  22 water moccasins
  8 orc warriors
  A black bear (Lair:2)
  3 ice beasts
  A sky beast (D:7)
  An ogre (D:6)
  A centaur (D:7)
  15 wolves
  A phantom (D:5)
  4 kobold brigands
  6 bullfrogs
  A gnoll sergeant (D:10)
  A water moccasin zombie (D:7)
  3 wyvern zombies (D:7)
  4 scorpions
  A water moccasin skeleton (D:5)
  4 killer bees (D:9)
  A howler monkey (D:6)
  13 wights
  2 bullfrog zombies (D:7)
  4 hounds
  A jelly (D:6)
  A gnoll shaman (D:7)
  6 orc priests
  A centaur skeleton (D:4)
  Jessica (D:2)
  A bullfrog skeleton (D:5)
  2 iguanas (D:5)
  11 orc wizards
  2 killer bee zombies (D:7)
  2 hound skeletons (D:4)
  Robin (D:3)
  2 howler monkey zombies
  13 gnolls
  20 adders
  3 shadow imps
  2 white imps (D:6)
  A worm (D:4)
  6 dart slugs
  32 orcs
  7 ball pythons
  6 bats
  7 endoplasms
  2 giant cockroaches (D:3)
  21 goblins
  9 hobgoblins
  3 jackals (D:3)
  3 quokkas
  3 training dummies (D:7)
  4 frilled lizards
  17 kobolds
  6 rats
358 creatures vanquished.

Vanquished Creatures (others)
  A human (D:9)
  51 fulminant prisms
  8 fungi
  9 plants
69 creatures vanquished.

Grand Total: 427 creatures vanquished

Notes
Turn   | Place    | Note
-------+----------+-------------------------------------------
     0 | D:1      | Zenkrye the Tengu Conjurer began the quest for the Orb.
     0 | D:1      | Reached XP level 1. HP: 10/10 MP: 4/4
   242 | D:1      | Reached XP level 2. HP: 15/15 MP: 3/6
   816 | D:1      | Reached XP level 3. HP: 19/19 MP: 7/7
   851 | D:1      | Reached skill level 6 in Conjurations
   854 | D:1      | Learned a level 2 spell: Searing Ray
  1214 | D:2      | Noticed Jessica
  1220 | D:2      | Killed Jessica
  1221 | D:2      | Reached XP level 4. HP: 24/24 MP: 5/9
  1482 | D:2      | Found Edaick's Distillery.
  1490 | D:2      | Bought a potion of heal wounds for 50 gold pieces
  1800 | D:3      | Reached skill level 7 in Conjurations
  1844 | D:3      | Found a transporter.
  1881 | D:3      | Noticed mdk's ghost (weakling OgHu)
  2171 | D:3      | Found a sacrificial altar of Ru.
  2333 | D:3      | Gained mutation: Your magical nature lets you fly swiftly
                  | and evasively. [Tengu growth]
  2333 | D:3      | Reached XP level 5. HP: 17/28 MP: 7/10
  2541 | D:3      | Noticed Robin
  2570 | D:3      | Killed Robin
  2702 | D:3      | Found a transporter.
  2708 | D:3      | Learned a level 4 spell: Iskenderun's Mystic Blast
  2823 | D:3      | Found a sparkling altar of Nemelex Xobeh.
  2873 | D:4      | You are sucked into a shaft and drop 3 floors!
  2897 | D:6      | Found a burning altar of Makhleb.
  2905 | D:5      | Entered Level 5 of the Dungeon
  2942 | D:5      | Reached skill level 8 in Conjurations
  2942 | D:5      | Reached skill level 1 in Translocations
  2942 | D:5      | Reached XP level 6. HP: 19/32 MP: 6/12
  3420 | D:5      | Reached XP level 7. HP: 36/36 MP: 3/14
  3876 | D:4      | Reached skill level 5 in Spellcasting
  4225 | D:4      | Reached skill level 1 in Fighting
  4595 | D:4      | Learned a level 4 spell: Fulminant Prism
  4786 | D:5      | Found a hazy altar of Hepliaklqana.
  4802 | D:5      | Found a hide-covered altar of Uskayaw.
  4805 | D:5      | Noticed a +0 dagger
  4805 | D:5      | Noticed a +0 hand axe
  4841 | D:5      | Reached XP level 8. HP: 43/43 MP: 16/16
  4889 | D:5      | Identified the +8 whip "Yriwne" {pain, rPois rN+ Str-3
                  | Dex+3}
  4899 | D:5      | Found a faded altar of an unknown god.
  4901 | D:5      | Found a staircase to the Ecumenical Temple.
  4908 | Temple   | Entered the Ecumenical Temple
  5378 | D:6      | Found a shimmering blue altar of Sif Muna.
  5385 | D:6      | Found a blossoming altar of Fedhas.
  5387 | D:6      | Became a worshipper of Sif Muna the Loreminder
  5648 | D:6      | Reached skill level 9 in Conjurations
  6029 | D:6      | Reached XP level 9. HP: 47/51 MP: 11/19
  6042 | D:6      | Reached skill level 1 in Evocations
  6096 | D:6      | Reached skill level 1 in Invocations
  6267 | D:6      | Reached skill level 1 in Hexes
  6281 | D:6      | Noticed a cyclops
  6424 | D:7      | Reached * piety under Sif Muna
  6482 | D:7      | Reached skill level 5 in Dodging
  6501 | D:7      | Noticed a troll
  6517 | D:7      | Killed a troll
  6930 | D:7      | Found Baac's Firing Range.
  6942 | D:7      | Found a white marble altar of Elyvilon.
  7194 | D:7      | Reached skill level 10 in Conjurations
  7798 | D:7      | Reached skill level 1 in Necromancy
  7798 | D:7      | Reached XP level 10. HP: 58/58 MP: 14/21
  8026 | D:7      | Found a basalt altar of Yredelemnul.
  8458 | D:6      | Found a glowing golden altar of the Shining One.
  8494 | D:8      | Noticed Psyche
  8560 | D:8      | Reached skill level 5 in Fighting
  8641 | D:8      | Found a radiant altar of Vehumet.
  8654 | D:8      | Found a broken altar of Ashenzari.
  8733 | D:8      | Reached ** piety under Sif Muna
  8741 | D:8      | Noticed a tengu warrior
  8743 | D:8      | Found a runed translucent gate.
  8743 | D:8      | Found a runed translucent gate.
  8743 | D:8      | Found an opulent altar of Gozag.
  8744 | D:8      | Found a runed translucent gate.
  8809 | D:8      | Noticed a two-headed ogre
  8822 | D:8      | Killed a two-headed ogre
  9140 | D:8      | You are sucked into a shaft and drop 3 floors!
  9143 | D:10     | Entered Level 10 of the Dungeon
  9143 | D:10     | Noticed a gargoyle
  9148 | D:10     | Killed a gargoyle
  9325 | D:8      | Noticed Erica
  9382 | D:8      | Noticed Cancer's ghost (novice TeCj)
  9472 | D:8      | Killed Psyche
  9691 | D:8      | Reached skill level 11 in Conjurations
  9966 | D:8      | Killed Erica
  9967 | D:8      | Reached XP level 11. HP: 64/64 MP: 19/23
 10188 | D:9      | Found an ancient bone altar of Kikubaaqudgha.
 10446 | D:9      | Found a runed translucent door.
 10450 | D:9      | Found a runed translucent door.
 11045 | D:9      | Reached *** piety under Sif Muna
 11240 | D:9      | Found a staircase to the Lair.
 11660 | D:9      | Found a staircase to the Orcish Mines.
 11793 | D:10     | Reached skill level 5 in Invocations
 12155 | D:10     | Reached **** piety under Sif Muna
 12309 | D:10     | Noticed Grum
 12314 | D:10     | Reached skill level 12 in Conjurations
 12315 | D:10     | Killed Grum
 13036 | D:11     | Found Nifaxad's Serpentskin Sales.
 13044 | D:11     | Bought 2 curare-tipped darts for 16 gold pieces
 13132 | D:11     | Noticed a manticore
 13186 | Lair:1   | Entered Level 1 of the Lair of Beasts
 13638 | Lair:1   | Reached XP level 12. HP: 60/73 MP: 13/25
 14099 | Lair:1   | Noticed a four-headed hydra
 14112 | Lair:1   | Killed a four-headed hydra
 14875 | Lair:1   | Noticed a six-headed hydra
 14882 | Lair:1   | Killed a six-headed hydra
 15131 | Lair:1   | Found a hide-covered altar of Uskayaw.
 15170 | Lair:1   | Reached skill level 1 in Shields
 15679 | D:6      | Reached skill level 10 in Dodging
 16020 | Lair:2   | Identified the +6 chain mail of Rotraph {rCorr Int+4
                  | Slay+2}
 16109 | Lair:2   | Reached ***** piety under Sif Muna
 16120 | Lair:2   | Reached skill level 13 in Conjurations
 16271 | Lair:2   | Found a transporter.
 16274 | Lair:2   | Noticed Anuemis's ghost (journeyman GrGl)
 16339 | Lair:2   | Noticed a six-headed hydra
 16348 | Lair:2   | Slain by a six-headed hydra

Illustrated notes

Levels and vault maps discovered:
D:1:      matt_arrival_los_fun, layout_rooms
D:2:      layout_rooms, serial_shops, shop, uniq_jessica
D:3:      kennysheep_goblin_castle, layout_rooms, lemuel_tele_altar,
          nemelex_spade_bored_becter, gammafunk_ghost_stat_death,
          corner_web_ring, amethyst_killhole, minmay_vboxes
D:4:      layout_cave_pools
D:5:      layout_gridville, nicolae_hepliaklqana_hazy_memory,
          dancing_weapons_uskayaw, nicolae_temple_entry_ecumenical
D:6:      layout_loops_ring, mainiacjoe_overflow_brackets,
          nicolae_overflow_hidden_temple, mainiacjoe_overflow_catwalk_spiral
D:7:      layout_basic, lemuel_crystal_altar, nicolae_yredelemnul_corpse_copse,
          nicolae_shop_firing_range
D:8:      layout_basic, mainiacjoe_overflow_cross_hatched,
          mainiacjoe_overflow_concentric_impassable, ebering_ghost_gozag,
          uniq_erica, uniq_psyche
D:9:      lemuel_insect_pit, layout_long_grid, tgw_kikubaaqudgha,
          erik_lair_orcish_takeover, david_orc_4, kennysheep_generic_room_4
D:10:     layout_roguey, uniq_grum
D:11:     gammafunk_worm_tunnel, layout_loops_ring, guppyfry_shop_venom
Temple:   nicolae_temple_figure_zero
Lair:1:   lemuel_reptile_caves, layout_long_grid, basic_altar
Lair:2:   layout_roguey, gammafunk_ghost_berserking_beasts,
          infiniplex_staircase_pool_2

Skill      XL: |  1  2  3  4  5  6  7  8  9 10 11 12 |
---------------+-------------------------------------+-----
Conjurations   | 6 7 8 9 10 11 12 13 | 13.0
Spellcasting   | 3 4 5 6 7 8 |  8.8
Translocations | 1 2 3 |  3.0
Fighting       | 1 3 4 6 8 9 |  9.1
Dodging        | 3 4 5 7 9 10 | 10.2
Evocations     | 2 3 |  3.0
Invocations    | 2 4 5 6 |  6.7
Hexes          | 2 3 |  3.0
Necromancy     | 1 3 |  3.0
Shields        | 2 |  2.0
Stealth        | |  2.0

Action                   |  1- 3 |  4- 6 |  7- 9 | 10-12 || total
-------------------------+-------+-------+-------+-------++-------
Melee: Dagger            |     6 |       |       |       ||     6
       Kick              |     3 |       |     2 |    32 ||    37
       Peck              |     1 |       |     2 |     8 ||    11
       Spear             |       |     2 |       |       ||     2
       Whip              |       |       |    17 |   175 ||   192
 Fire: Hunting sling     |    26 |    98 |   141 |   203 ||   468
       Fustibalus        |       |       |       |    57 ||    57
       Hand crossbow     |       |       |       |     2 ||     2
Throw: Dart              |       |       |       |     3 ||     3
 Cast: Magic Dart        |    34 |    22 |       |       ||    56
       Searing Ray       |     1 |    12 |    54 |    53 ||   120
       Iskenderun's Myst |       |     3 |     6 |    60 ||    69
       Fulminant Prism   |       |       |       |    51 ||    51
Evoke: Wand              |       |       |       |     9 ||     9
  Use: Scroll            |       |     5 |    12 |     3 ||    20
       Potion            |       |     1 |       |     1 ||     2
 Stab: Distracted        |       |       |       |     1 ||     1
Armor: Robe              |     1 |       |       |       ||     1
       Leather armour    |       |     9 |    25 |       ||    34
       Troll leather arm |       |       |    19 |    93 ||   112
Dodge: Dodged            |    10 |    25 |    80 |   310 ||   425

Table legend: (Time is in decaauts)
 A = Elapsed time spent in this place.
 B = Non-inter-level travel time spent in this place.
 C = Inter-level travel time spent in this place.
 D = Time resting spent in this place.
 E = Time spent auto-exploring this place.
 F = Levels seen in this place.
 G = Mean time per level.
                   A        B        C        D        E       F      G
               +--------+--------+--------+--------+--------+-----+--------+
         Total |  15790 |  15073 |    717 |   1272 |  10871 |  14 | 1127.9 |
       Dungeon |  13102 |  12435 |    667 |   1265 |   8774 |  11 | 1191.1 |
        Temple |    112 |    104 |      8 |      0 |    102 |   1 |  112.0 |
          Lair |   2575 |   2534 |     41 |      7 |   1994 |   2 | 1287.5 |
               +--------+--------+--------+--------+--------+-----+--------+

Top non-repeatable levels by time:
  Lair:1: 2251 daAuts
     D:7: 2197 daAuts
     D:8: 1564 daAuts
     D:9: 1507 daAuts
     D:3: 1331 daAuts
     D:5: 1304 daAuts
     D:6: 1239 daAuts
    D:10: 1201 daAuts
     D:1: 967 daAuts
     D:4: 787 daAuts
     D:2: 722 daAuts
  Lair:2: 324 daAuts
    D:11: 279 daAuts
  Temple: 112 daAuts
